 Dungeon Crawl Stone Soup version 0.17.0-24-gcfadda4 (webtiles) character file.

667 oplop the Changer (level 7, 0/45 HPs)
             Began as an Octopode Transmuter on Nov 15, 2015.
             Slain by a centaur (5 damage)
             ... on level 5 of the Dungeon.
             The game lasted 00:08:54 (4794 turns).

oplop the Changer (Octopode Transmuter)             Turns: 4794, Time: 00:08:54

Health: 0/45       AC:  1    Str: 11    XL:     7   Next: 57%
Magic:  9/13       EV: 13    Int: 16    God:
Gold:   264        SH:  0    Dex: 12    Spells: 4 memorised, 4 levels left

rFire  . . .     SeeInvis .     h - +0 dagger (drain)
rCold  . . .     Clarity  .     (no shield)
rNeg   . . .     SustAt   .     (helmet restricted)
rPois  +         Gourm    .     (no amulet)
rElec  .         Spirit   .     m - ring of poison resistance
rCorr  .         Warding  .     (no ring)
rMut   .         Stasis   .     (no ring)
MR     .....                    (no ring)
Stlth  ++........               (no ring)
                                (no ring)
                                (no ring)
                                (no ring)

@: not resistant to hostile enchantments, unstealthy
A: almost no armour, amphibious, 8 rings, constrict 8, camouflage 1, gelatinous
body 1
a: no special abilities


You were on level 5 of the Dungeon.
You were not hungry.

You visited 1 branch of the dungeon, and saw 5 of its levels.

You collected 264 gold pieces.

Inventory:

Hand Weapons
 h - a +0 dagger of draining (weapon)
 s - a +0 blowgun
Missiles
 a - 38 arrows
 t - 12 poisoned needles
Jewellery
 m - a ring of poison resistance (left tentacle)
Wands
 l - a wand of magic darts (23)
 n - a wand of flame (23)
Scrolls
 d - 4 scrolls of identify {unknown}
 g - 2 scrolls of teleportation {unknown}
 i - 2 scrolls of enchant armour {unknown}
 p - a scroll of random uselessness {unknown}
 q - 2 scrolls of amnesia {unknown}
 v - a scroll of blinking {unknown}
Potions
 e - 3 potions of invisibility {unknown}
 f - 2 potions of curing
 j - 2 potions of flight {unknown}
 k - 2 potions of poison {unknown}
 o - a potion of brilliance {unknown}
 w - a potion of lignification {unknown}
 z - a potion of resistance {unknown}
 B - a potion of berserk rage {unknown}
Books
 b - a book of Changes

   Spells                             Type                      Level
   a - Beastly Appendage              Transmutation                1
   b - Sticks to Snakes               Transmutation                2
   c - Spider Form                    Transmutation/Poison         3
   d - Ice Form                       Ice/Transmutation            4
   e - Blade Hands                    Transmutation                5
Comestibles
 c - 3 bread rations
 r - a beef jerky
 u - 5 meat rations
 x - 3 chunks of flesh
 A - 3 fruits


   Skills:
 - Level 2.9 Fighting
 + Level 3.1 Dodging
 - Level 3.0 Unarmed Combat
 + Level 4.1 Spellcasting
 + Level 5.1 Transmutations
 + Level 2.2 Ice Magic
 - Level 2.0 Poison Magic


You had 4 spell levels left.
You knew the following spells:

 Your Spells              Type           Power        Failure   Level  Hunger
a - Beastly Appendage     Trmt           ###...       1%          1    None
b - Sticks to Snakes      Trmt           ###.......   3%          2    ##.....
c - Spider Form           Trmt/Pois      ##........   12%         3    ###....
d - Ice Form              Ice/Trmt       ##......     38%         4    ####...


Dungeon Overview and Level Annotations

Branches:
Dungeon (5/15)             Temple (0/1) D:5

Altars:
Cheibriados
Gozag
Kikubaaqudgha
Makhleb
Qazlal
Sif Muna
Trog
Xom
Yredelemnul

Shops:
D:5 :

Annotations:
D:4 Canard's ghost, amateur MiGl; Edmund


Innate Abilities, Weirdness & Mutations

You cannot wear most types of armour.
You are amphibious.
You can wear up to eight rings at the same time.
You can use your tentacles to constrict eight enemies at once.
Your skin changes colour to match your surroundings (Stealth).
Your rubbery body absorbs attacks (AC +1).


Message History

You hit the centaur.
The centaur looks even sicker.
The centaur is moderately wounded.
The centaur completely misses you.
You hit the centaur.
The centaur is severely wounded.
Your transformation has ended.
Your +0 dagger of draining unmelds from your body.
You sense an unholy aura.
The centaur hits you!
* * * LOW HITPOINT WARNING * * *
The crimson imp hits you.
* * * LOW HITPOINT WARNING * * *
The centaur hits you!
* * * LOW HITPOINT WARNING * * *
Some of the chunks of flesh in your inventory have rotted away.
Unknown command.
Drink which item? (? for menu, Esc to quit)
It was a potion of curing.
You feel better. The crimson imp hits you.
* * * LOW HITPOINT WARNING * * *
The centaur hits you.
You die...

#§.....# # #......#
## #......# .#
#......# .#
#......#
.#######......#
...........)..####
#############.(5(##
####@.# ≈≈≈# ##c##
≈≈≈≈≈# #..#
≈≈≈≈≈≈≈###.#
≈≈≈≈≈≈≈≈##.#
≈≈≈≈≈≈≈≈≈#.#
≈≈≈≈≈≈≈≈≈#.#
.8≈≈≈≈≈≈≈#c#
.........'.#


You could see a centaur and a crimson imp.

Vanquished Creatures
  2 ogres (D:5)
  A sky beast (D:5)
  A crimson imp (D:5)
  2 iguanas (D:4)
  Crazy Yiuf (D:5)
  Ijyb (D:2)
  Jessica (D:3)
  Terence (D:3)
  A worker ant (D:5)
  2 orc wizards (D:4)
  An adder (D:3)
  2 oozes
  2 worms
  2 giant geckos
  10 orcs
  2 ball pythons (D:2)
  9 bats
  2 giant cockroaches (D:5)
  25 goblins
  8 hobgoblins
  8 kobolds
  6 giant newts
  7 jackals
  2 quokkas (D:3)
  26 rats
125 creatures vanquished.

Vanquished Creatures (collateral kills)
  An iguana (D:4)
  Robin (D:3)
  An orc (D:4)
  A bat (D:3)
4 creatures vanquished.

Grand Total: 129 creatures vanquished

Notes
Turn   | Place    | Note
--------------------------------------------------------------
     0 | D:1      | oplop the Octopode Transmuter began the quest for the Orb.
     0 | D:1      | Reached XP level 1. HP: 13/13 MP: 3/3
   148 | D:1      | Reached XP level 2. HP: 11/18 MP: 3/5
   691 | D:2      | Reached XP level 3. HP: 20/23 MP: 4/6
  1015 | D:2      | Noticed Ijyb
  1039 | D:2      | Killed Ijyb
  1039 | D:2      | Reached XP level 4. HP: 7/29 MP: 5/7
  1673 | D:3      | Found a stormy altar of Qazlal.
  1688 | D:3      | Noticed Terence
  1695 | D:3      | Killed Terence
  2158 | D:3      | Learned a level 2 spell: Sticks to Snakes
  2162 | D:3      | Learned a level 3 spell: Spider Form
  2175 | D:3      | Found a snail-covered altar of Cheibriados.
  2178 | D:3      | Noticed Robin
  2190 | D:3      | Reached XP level 5. HP: 28/34 MP: 9/9
  2206 | D:3      | Killed Robin
  2636 | D:3      | Reached skill level 1 in Poison Magic
  3003 | D:3      | Reached skill level 4 in Transmutations
  3005 | D:3      | Noticed Jessica
  3014 | D:3      | Killed Jessica
  3319 | D:3      | Found a burning altar of Makhleb.
  3324 | D:3      | Found a deep blue altar of Sif Muna.
  3325 | D:3      | Found an opulent altar of Gozag.
  3327 | D:3      | Found a shimmering altar of Xom.
  3328 | D:3      | Found an ancient bone altar of Kikubaaqudgha.
  3329 | D:3      | Found a basalt altar of Yredelemnul.
  3330 | D:3      | Found a bloodstained altar of Trog.
  3606 | D:4      | Reached XP level 6. HP: 37/41 MP: 5/10
  3641 | D:4      | Learned a level 4 spell: Ice Form
  3938 | D:4      | Noticed Edmund
  3967 | D:4      | Noticed Canard's ghost (amateur MiGl)
  4219 | D:5      | Entered Level 5 of the Dungeon
  4266 | D:5      | Found Gixe's Book Emporium.
  4300 | D:5      | Reached skill level 1 in Ice Magic
  4440 | D:5      | Reached XP level 7. HP: 34/45 MP: 12/12
  4590 | D:5      | Found a staircase to the Ecumenical Temple.
  4651 | D:5      | Noticed Crazy Yiuf
  4660 | D:5      | Killed Crazy Yiuf
  4660 | D:5      | Reached skill level 5 in Transmutations
  4793 | D:5      | HP: 1/45 [centaur (7)]
  4794 | D:5      | Slain by a centaur

Action                   |  1- 3 |  4- 6 |  7- 9 || total
-------------------------+-------+-------+-------++-------
Melee: Unarmed           |    13 |    53 |    29 ||    95
       Dagger            |    53 |   136 |       ||   189
 Cast: Beastly Appendage |    28 |    26 |       ||    54
       Sticks to Snakes  |       |     5 |     4 ||     9
       Spider Form       |       |     9 |     4 ||    13
  Use: Potion            |       |       |     1 ||     1
 Stab: Sleeping          |    14 |     2 |       ||    16
  Eat: Chunk             |     1 |    10 |     2 ||    13
       Royal jelly       |       |     1 |       ||     1
